 Dungeon Crawl Stone Soup version 0.29.0-4-gdea44cf6ec (webtiles) character file.

Game seed: 13547362756107163221

44 qw the Chopper (level 3, -2/29 HPs)
             Began as a Barachi Chaos Knight on Sept 6, 2022.
             Slain by Sigmund
             ... wielding a +0 scythe
              (8 damage)
             ... on level 2 of the Dungeon.
             The game lasted 00:00:48 (1706 turns).

qw the Chopper (Barachi Chaos Knight)               Turns: 1706, Time: 00:00:49

Health: -2/29      AC:  5    Str: 15    XL:     3   Next: 60%
Magic:  3/3        EV: 11    Int: 12    God:
Gold:   63         SH:  0    Dex: 11    Spells: 2/2 levels left

rFire   . . .      SeeInvis .   Y - +3 hand axe (chaos)
rCold   . . .      Faith    .   (no shield)
rNeg    . . .      Spirit   .   b - +2 leather armour
rPois   .          Reflect  .   (no helmet)
rElec   .          Harm     .   (no cloak)
rCorr   .          Rampage  .   (no gloves)
Will    .....                   (no boots)
Stlth   +.........              (no amulet)
HPRegen 0.09/turn               (no ring)
MPRegen 0.08/turn               (no ring)

@: slow
A: amphibious, slowness 1, strong legs 1, +LOS, deterioration 1
a: Hop


You were on level 2 of the Dungeon.
You visited 1 branch of the dungeon, and saw 2 of its levels.

You collected 63 gold pieces.


Innate Abilities, Weirdness & Mutations

You are amphibious.
You cover ground slowly.
You can hop short distances.
You have an extended range of vision and can be seen from far away.
Your body sometimes deteriorates upon taking damage.


   Skills:
 - Level 3.6 Fighting
 + Level 5.0 Axes
 - Level 2.4 Armour
 - Level 1.1 Dodging


You had 2 spell levels left.
You didn't know any spells.
Your spell library was empty.

Inventory:

Hand Weapons
 e - a +0 whip
 Y - a +3 hand axe of chaos (weapon)
Armour
 a - a +0 chain mail
 b - a +2 leather armour (worn)
 h - a +0 plate armour
Scrolls
 d - a scroll of enchant armour {unknown}
 g - a scroll of immolation {unknown}
Potions
 f - a potion of curing {unknown}
 l - a potion of resistance {unknown}
Miscellaneous
 c - a piece from Xom's chessboard (15/15)

Dungeon Overview and Level Annotations

Branches:
Dungeon (2/15)

Altars:

Shops:
D:1 :((

Annotations:
D:2 1 runed translucent door, Crazy Yiuf, Sigmund


Message History

You closely miss the ball python. The ball python bites you.
The ball python constricts you.
You completely miss the ball python. The ball python bites you.
The ball python constricts you. The ball python bites you.
The ball python constricts you.
You hit the ball python.
You kill the ball python!
The ball python's corpse disappears in a puff of smoke!
You start resting.
HP restored.
You now have 63 gold pieces (gained 4).
i - a scroll of enchant weapon
Enter note:
1695 ||| READING scroll of enchant weapon.
As you read the scroll of enchant weapon, it crumbles to dust.
Your +2 hand axe of chaos glows red for a moment.
1695 ||| ENCHANTING +2 hand axe of chaos.
Sigmund the Dreaded comes into view.
He is wielding a +0 scythe.
Sigmund shouts!
You hear an angry hiss.
An adder comes into view.
The adder moves out of view.
1701 ||| Stepping ~*~*~tactically~*~*~ (hiding).
You start waiting.
There are monsters nearby!
You miss the adder.
Sigmund hits you from afar with a +0 scythe!
The adder bites you.
You hit the adder.
The adder is moderately wounded.
The adder bites you.
Sigmund hits you from afar with a +0 scythe!
You miss the adder.
The adder is moderately wounded.
The adder closely misses you. The adder barely misses you.
You hit the adder.
The adder goes berserk!
The adder is heavily wounded.
The adder bites you.
Sigmund hits you from afar with a +0 scythe!
You die...
Xom thinks this is hilarious!

# ########### #
.........# ## ........#
.# .......# .# .@....#
.# .....# .# .@..#
#################S..#
................@...#
..#..#..#..#..#.....#
....................#
..#..#..#..#..#...###
..................#
###################
###.%####[#
....).....####
.####.##.....###########


You could see Sigmund and an adder (berserk).

Vanquished Creatures
  A worm (D:2)
  A dart slug (D:2)
  3 bats
  4 endoplasms
  A giant cockroach (D:2)
  A goblin (D:2)
  5 hobgoblins
  5 jackals (D:2)
  6 kobolds
  A quokka (D:2)
  3 ball pythons (D:2)
  A frilled lizard (D:1)
  3 rats
35 creatures vanquished.

Notes
Turn   | Place    | Note
-------+----------+-------------------------------------------
     0 | D:1      | qw the Barachi Chaos Knight began the quest for the Orb.
     0 | D:1      | Reached XP level 1. HP: 18/18 MP: 1/1
     0 | D:1      | 0 ||| qw: Version: 0.1-a-107-g9ff403c
     0 | D:1      | 0 ||| qw: Game counter: 6104
     0 | D:1      | 0 ||| qw: Always use a shield: true
     0 | D:1      | 0 ||| qw: God list: Okawaru
     0 | D:1      | 0 ||| qw: Allow faded altars: false
     0 | D:1      | 0 ||| qw: Do Orc after D:15 true
     0 | D:1      | 0 ||| qw: Do second Lair branch before Depths: true
     0 | D:1      | 0 ||| qw: Lair rune preference: random
     0 | D:1      | 0 ||| qw: Plans: Normal
     0 | D:1      | 0 ||| PLANNING D:1-11
     0 | D:1      | Fell from the grace of Xom
   126 | D:1      | Found Mibo Ebb's Book Shop.
   299 | D:1      | Reached XP level 2. HP: 24/24 MP: 2/2
   360 | D:1      | Found Zodud's Weapon Emporium.
   373 | D:1      | Reached skill level 4 in Axes
   374 | D:1      | 374 ||| SHOPLISTING +0 war axe (45 gold, have 43).
   376 | D:1      | Found Liozy's Antique Weapon Emporium.
   386 | D:1      | 386 ||| SHOPLISTING runed hand axe (156 gold, have 43).
   678 | D:1      | 678 ||| DROPPING amulet of magic regeneration.
   679 | D:1      | 679 ||| READING scroll labelled ZENGEC LITOULU.
   680 | D:1      | 680 ||| READING scroll labelled XORYPS BAUD LERI.
   681 | D:1      | 681 ||| READING scroll labelled USEMIOJUORCH.
   682 | D:1      | 682 ||| READING scroll labelled AWE FANAME.
   783 | D:1      | 783 ||| READING scroll labelled MAKLAMIMEE.
   784 | D:1      | 784 ||| READING scroll labelled OGUELA ESURI.
   801 | D:2      | XOM: noise
   914 | D:2      | 914 ||| Stepping ~*~*~tactically~*~*~ (stealth).
   998 | D:2      | Reached XP level 3. HP: 29/29 MP: 3/3
  1003 | D:2      | 1003 ||| Stepping ~*~*~tactically~*~*~ (stealth).
  1016 | D:2      | 1016 ||| READING scroll of enchant weapon.
  1016 | D:2      | 1016 ||| ENCHANTING +1 hand axe of chaos.
  1035 | D:2      | Found a faded altar of an unknown god.
  1063 | D:2      | Found a runed translucent door.
  1064 | D:2      | Noticed Crazy Yiuf
  1220 | D:2      | 1220 ||| Stepping ~*~*~tactically~*~*~ (stealth).
  1221 | D:2      | 1221 ||| Stepping ~*~*~tactically~*~*~ (stealth).
  1236 | D:2      | 1236 ||| Stepping ~*~*~tactically~*~*~ (stealth).
  1237 | D:2      | 1237 ||| Stepping ~*~*~tactically~*~*~ (stealth).
  1381 | D:2      | Reached skill level 5 in Axes
  1431 | D:2      | XOM: give mutation
  1431 | D:2      | Gained mutation: Your body sometimes deteriorates upon
                  | taking damage. [Xom's mischief]
  1525 | D:2      | XOM: summons 3 hostile shadow creatures
  1695 | D:2      | 1695 ||| READING scroll of enchant weapon.
  1695 | D:2      | 1695 ||| ENCHANTING +2 hand axe of chaos.
  1700 | D:2      | Noticed Sigmund
  1701 | D:2      | 1701 ||| Stepping ~*~*~tactically~*~*~ (hiding).
  1706 | D:2      | HP: 6/29 [adder (2)]
  1706 | D:2      | Slain by Sigmund

Levels and vault maps discovered:
D:1:      dpeg_arrival_ternary, layout_basic, serial_shops, nicolae_shop_stone,
          shop, shop
D:2:      layout_basic, ebering_ecumenical_altar_ruins, columned_hall_lemuel,
          kennysheep_decorative_pillar, grunt_ministairs_12,
          uniq_crazy_yiuf_cottage, uniq_sigmund

Skill      XL: |  1  2  3 |
---------------+----------+-----
Axes           | 4 5 |  5.0
Fighting       | |  3.6
Armour         | |  2.4
Dodging        | |  1.1

Action                   || total
-------------------------++-------
Melee: Hand axe          ||    97
Invok: Renounce Religion ||     1
  Use: Scroll            ||     8
 Stab: Paralysed         ||     1
Armor: Leather armour    ||    21
Dodge: Dodged            ||    51

Table legend:
 A = Non-vault XP
 B = Vault XP
 C = Vault XP percentage of total XP
 D = Non-vault monster count
 E = Vault monster count
 F = Vault count percentage of total count
                 A         B        C        D         E       F
            +---------+---------+-------+---------+---------+-------
      Total |      53 |      10 |  15.9 |      31 |       4 |  11.4
            +---------+---------+-------+---------+---------+-------
        D:1 |      23 |       0 |   0.0 |      13 |       0 |   0.0
        D:2 |      30 |      10 |  25.0 |      18 |       4 |  18.2
            +---------+---------+-------+---------+---------+-------
